 Dungeon Crawl Stone Soup version 0.30.1-9-gdf580d7c3d (webtiles) character file.

Game seed: 9692727858411537311

9309 H0rd4k the Thaumaturge (level 11, -9/66 HPs)
             Began as an Octopode Artificer on Oct 17, 2023.
             Was an Initiate of Gozag.
             Mangled by a two-headed ogre
             ... wielding a +0 heavy dire flail
              (24 damage)
             ... on level 10 of the Dungeon.
             The game lasted 00:32:29 (13160 turns).

H0rd4k the Thaumaturge (Octopode Artificer)        Turns: 13160, Time: 00:32:30

Health: -9/66      AC:  4    Str: 13    XL:     11   Next: 44%
Magic:  26/32      EV: 20    Int: 19    God:    Gozag
Gold:   427        SH:  0    Dex: 12    Spells: 6/27 levels left

rFire   . . .        Q - +4 dagger (spect)
rCold   . . .        (no shield)
rNeg    . . .        K - +3 crown of Dyrovepreva {rElec Int+2 SInv}
rPois   .            J - amulet of the acrobat
rElec   +            j - ring of magical power
rCorr   .            t - +5 ring of evasion
SInv    +            L - ring of wizardry
Will    .....        (no ring)
Stlth   +++          (no ring)
HPRegen 0.31/turn    (no ring)
MPRegen 0.23/turn    (no ring)
                     (no ring)

%: acrobat, wizardry (x1)
@: freezing walls
A: almost no armour, amphibious, 8 rings, camouflage 1, gelatinous body 1,
(nimble swimmer 1), tentacles
a: Renounce Religion, Potion Petition, Call Merchant, Bribe Branch


You were on level 10 of the Dungeon.
You worshipped Gozag.
Gozag was aware of your devotion.
You visited 3 branches of the dungeon, and saw 12 of its levels.
You also visited: Sewer and Bailey.

You collected 1908 gold pieces.
You spent 646 gold pieces at shops.
You paid 835 gold pieces to Gozag.

Inventory:

Hand Weapons
 B - a +3 short sword
 Q - a +4 spectral dagger (weapon)
Missiles
 a - 3 curare-tipped darts (quivered)
 d - 4 datura-tipped darts
 e - a throwing net
Armour
 K - the +3 crown of Dyrovepreva (worn) {rElec Int+2 SInv}
   (You found it on level 6 of the Dungeon)

   Int:       It affects your intelligence (+2).
   rElec:     It insulates you from electricity.
   SInv:      It lets you see invisible.
Magical Staves
 u - a staff of fire
Jewellery
 j - a ring of magical power (left tentacle)
 s - an amulet of magic regeneration
 t - a +5 ring of evasion (right tentacle)
 H - an amulet of reflection
 J - an amulet of the acrobat (around mantle)
 L - a ring of wizardry (on tentacle)
Wands
 b - a wand of flame (9)
 c - a wand of charming (4)
 f - a wand of roots (4)
 n - a wand of polymorph (2)
 v - a wand of digging (3)
Scrolls
 i - a scroll of amnesia
 m - 2 scrolls of enchant armour
 w - 2 scrolls of blinking
 x - a scroll of silence
 y - 2 scrolls of torment
 A - a scroll of identify
Potions
 g - 2 potions of flight {unknown}
 h - 2 potions of invisibility
 k - 3 potions of lignification
 l - 2 potions of ambrosia {unknown}
 o - a potion of cancellation {unknown}
 p - a potion of heal wounds
 q - 3 potions of degeneration {unknown}
 r - 5 potions of might {unknown}
 z - 2 potions of haste {unknown}
 D - 3 potions of brilliance {unknown}
 E - 4 potions of attraction {unknown}
 F - 4 potions of mutation {unknown}
 G - a potion of magic {unknown}
Miscellaneous
 N - a piece from Xom's chessboard (15/15)


   Skills:
 + Level 2.8 Fighting
 + Level 3.9 Short Blades
 + Level 0.3 Throwing
 + Level 6.1 Dodging
 - Level 1.3 Stealth
 + Level 7.2 Unarmed Combat
 * Level 8.7 Spellcasting
 + Level 3.4 Hexes
 * Level 8.0 Summonings
 + Level 2.2 Ice Magic
 + Level 6.2 Evocations


You had 6 spell levels left.
You knew the following spells:

 Your Spells              Type           Power      Damage    Failure   Level
a - Summon Small Mammal   Summ           100%       N/A       1%          1
b - Frozen Ramparts       Ice            32%        1d5       4%          3
c - Call Canine Familiar  Summ           39%        N/A       1%          3
d - Summon Guardian Gole  Hex/Summ       30%        N/A       1%          3
e - Summon Forest         Summ/Tloc      11%        N/A       17%         5
f - Summon Cactus Giant   Summ           19%        N/A       19%         6

Your spell library contained the following spells:

 Spells                   Type           Power      Damage    Failure   Level
 Freeze                   Ice            64%        1d7       1%          1
 Sandblast                Erth           16%        2d6       3%          1
 Dazzling Flash           Conj/Hex       28%        N/A       4%          3
 Passwall                 Tmut/Erth      6%         N/A       5%          2
 Hailstorm                Conj/Ice       12%        3d5       6%          3
 Summon Mana Viper        Hex/Summ       30%        N/A       9%          5
 Stone Arrow              Conj/Erth      16%        3d8       11%         3
 Volatile Blastmotes      Fire/Tloc      16%        2d11      11%         3
 Iskenderun's Mystic Bla  Conj/Tloc      8%         2d4       32%         4
 Starburst                Conj/Fire      4%         6d3       99%         6


Dungeon Overview and Level Annotations

Branches:
Dungeon (10/15)            Temple (1/1) D:7            Lair (1/5) D:8
  Sewer (visited)          Bailey (visited)
    Orc: D:9-12

Altars:
Ashenzari
Dithmenos
Fedhas
Gozag
Hepliaklqana
Kikubaaqudgha
Makhleb
Nemelex Xobeh
Okawaru
Qazlal
Ru
Sif Muna
Trog
Uskayaw
Vehumet
Wu Jian
Xom
Yredelemnul
Zin
The Shining One

Shops:
D:8 :   D:9 (

Annotations:
D:7 exclusion: downstairs
D:10 exclusions: efreet and smoke demon
Lair:1 2 transporters, exclusion: boulder beetle, Oruje's ghost, novice DrCj


Innate Abilities, Weirdness & Mutations

You cannot wear most types of armour.
You are amphibious.
You can wear up to eight rings at the same time.
Your skin changes colour to match your surroundings (Stealth+).
Your rubbery body absorbs attacks. (AC +1, EV +1)
((You are camouflaged when in or above water. (Stealth+)))
You have tentacles for arms and can constrict up to eight enemies at once.


Message History

You now have enough gold to petition Gozag for potion effects.
You now have 403 gold pieces (gained 22).
Found 10 gold pieces.
You now have 427 gold pieces (gained 24).
Things that are here:
a +0 long sword; a +0 plate armour
Found a robe.
There is a stone staircase leading up here.
You climb upwards.
There is a stone staircase leading down here.
Magic restored.
HP restored.
Done exploring.
You climb downwards.
Level annotation: exclusions: efreet and smoke demon The two-headed ogre shouts in stereo!
The two-headed ogre barely misses you. x2
There is a stone staircase leading up here.
Casting: Frozen Ramparts (dangerous; 4% risk of failure)
Confirm with . or Enter, or press ? or * to list all spells.
Casting: Frozen Ramparts (dangerous; 4% risk of failure)
Press: ? - help, Dir - look around, f - activate A stone staircase leading up.
The walls around you are covered in ice.
The wall freezes the two-headed ogre but does no damage.
The two-headed ogre hits you with a +0 heavy dire flail!
The two-headed ogre misses you.
Casting: Frozen Ramparts (dangerous; 4% risk of failure)
Confirm with . or Enter, or press ? or * to list all spells.
Unknown command.
You hit the two-headed ogre.
The two-headed ogre is lightly wounded.
Your +4 spectral dagger closely misses the two-headed ogre.
The wall freezes the two-headed ogre but does no damage.
The two-headed ogre hits you with a +0 heavy dire flail!!
Ouch! That really hurt!
* * * LOW HITPOINT WARNING * * *
The two-headed ogre hits you with a +0 giant club!!
You die...
Your body crumbles into a pile of gold.

#......#
#......#
#......##
#.......#
##.#...#...#
#...###.O...#
#.h.# .....#
#..[##+.....+
#@O#...#####..
#.(....# ..
#......'..[
#......#..$#
#..#...# ###
##..##'.. ##.
$#... .# ....
...


You could see a two-headed ogre (ally target), a friendly +4 spectral dagger and
a friendly hound (summoned).

Vanquished Creatures
  A two-headed ogre (D:9)
  Maggie (D:8)
  A komodo dragon (Lair:1)
  Psyche (D:8)
  Prince Ribbit (D:7)
  Sigmund (D:2)
  2 vampires
  A wyvern (Lair:1)
  Grum (D:8)
  A fire elemental (D:10)
  Menkaure (D:6)
  2 steam dragons
  An acid dragon (D:10)
  2 water moccasins (Lair:1)
  2 ice beasts
  5 orc warriors
  2 black bears
  A sky beast (D:7)
  An ogre (D:6)
  12 wolves
  3 centaurs
  2 phantoms
  5 kobold brigands
  3 bullfrogs
  A scorpion (D:5)
  12 wights
  11 killer bees (D:9)
  A howler monkey (D:7)
  4 jellies
  3 hounds
  2 orc priests
  2 gnoll boudas
  3 iguanas
  4 orc wizards
  10 adders
  12 gnolls
  3 white imps
  An ufetubus (D:6)
  A worm (D:3)
  3 dart slugs
  15 orcs
  4 bats
  16 endoplasms
  10 giant cockroaches
  8 goblins
  12 hobgoblins
  6 jackals
  11 quokkas
  10 ball pythons
  7 frilled lizards
  14 kobolds
  6 rats
245 creatures vanquished.

Vanquished Creatures (collateral kills)
  A komodo dragon (D:8)
  A steam dragon (D:10)
  2 orc warriors
  An ogre (D:6)
  A wolf (Lair:1)
  4 bullfrogs
  A scorpion (D:5)
  A wight (D:9)
  Crazy Yiuf (D:2)
  An orc priest (D:7)
  An orc wizard (D:9)
  A gnoll (D:8)
  An adder (Sewer)
  4 orcs
  A hobgoblin (D:7)
  A jackal (D:5)
  A ball python (Sewer)
  2 frilled lizards (Sewer)
  2 kobolds
28 creatures vanquished.

Vanquished Creatures (others)
  A white imp (D:7)
1 creature vanquished.

Grand Total: 274 creatures vanquished

Notes
Turn   | Place    | Note
-------+----------+-------------------------------------------
     0 | D:1      | H0rd4k the Octopode Artificer began the quest for the Orb.
     0 | D:1      | Reached XP level 1. HP: 13/13 MP: 1/1
   268 | D:1      | Reached XP level 2. HP: 15/18 MP: 2/2
   469 | D:1      | Reached XP level 3. HP: 23/23 MP: 3/3
  1060 | D:2      | Noticed Sigmund
  1065 | D:2      | Killed Sigmund
  1066 | D:2      | Reached skill level 1 in Spellcasting
  1066 | D:2      | Reached skill level 5 in Evocations
  1066 | D:2      | Reached XP level 4. HP: 28/28 MP: 5/5
  1066 | D:2      | Reached XP level 5. HP: 33/33 MP: 6/6
  1105 | D:2      | Learned a level 1 spell: Summon Small Mammal
  1109 | D:2      | Learned a level 3 spell: Frozen Ramparts
  1226 | D:2      | Found a runed translucent door.
  1227 | D:2      | Noticed Crazy Yiuf
  1279 | D:2      | Reached XP level 6. HP: 31/39 MP: 8/8
  1543 | D:3      | Found a glowing golden altar of the Shining One.
  1601 | D:3      | Noticed a black bear
  1610 | D:3      | Killed a black bear
  1853 | D:3      | Found a glowing drain.
  1857 | Sewer    | Entered a sewer
  1962 | Sewer    | Reached skill level 1 in Summonings
  2115 | Sewer    | Reached XP level 7. HP: 34/45 MP: 10/10
  2736 | D:4      | Learned a level 3 spell: Call Canine Familiar
  2740 | D:4      | Learned a level 3 spell: Summon Guardian Golem
  2825 | D:4      | Found a sparkling altar of Nemelex Xobeh.
  2850 | D:4      | Found a hide-covered altar of Uskayaw.
  3655 | D:5      | Entered Level 5 of the Dungeon
  3987 | D:5      | Reached skill level 1 in Hexes
  4003 | D:5      | Found a bloodstained altar of Trog.
  4309 | D:5      | Reached XP level 8. HP: 50/50 MP: 12/12
  4975 | D:6      | Found a burning altar of Makhleb.
  4975 | D:6      | Noticed an Executioner
  5054 | D:6      | Found a stormy altar of Qazlal.
  5062 | D:6      | Found a glowing silver altar of Zin.
  5091 | D:6      | Noticed Menkaure
  5093 | D:6      | Killed Menkaure
  5390 | D:6      | Found the +3 crown of Dyrovepreva {rElec Int+2 SInv}
  5581 | D:6      | Reached XP level 9. HP: 43/55 MP: 15/15
  5687 | D:6      | Identified the +3 ring mail of Summer {rPois rC+ Dex-3}
  5727 | D:6      | Identified the +1 long sword of Cataclysm {antimagic,
                  | Stlth+}
  6145 | D:7      | Reached skill level 5 in Summonings
  6151 | D:7      | Noticed Prince Ribbit
  6161 | D:7      | Killed Prince Ribbit
  6162 | D:7      | Reached skill level 5 in Unarmed Combat
  6178 | D:7      | Found a flagged portal.
  6591 | Bailey   | Entered a bailey
  6623 | Bailey   | Reached skill level 5 in Spellcasting
  6691 | Bailey   | Noticed an orc knight
  6711 | Bailey   | Found an iron altar of Okawaru.
  6789 | Bailey   | HP: 2/55 [orc knight/+0 war axe (20)]
  7015 | D:7      | Found a staircase to the Ecumenical Temple.
  7064 | D:7      | Reached skill level 5 in Dodging
  7113 | Temple   | Entered the Ecumenical Temple
  7163 | Temple   | Became a worshipper of Gozag Ym Sagoz the Greedy
  7432 | D:7      | Reached XP level 10. HP: 59/61 MP: 19/19
  7818 | D:8      | Found a staircase to the Lair.
  8296 | D:8      | Found a basalt altar of Yredelemnul.
  8384 | D:8      | Noticed Maggie
  8407 | D:8      | Killed Maggie
  8787 | D:8      | Noticed Psyche
  8798 | D:8      | Killed Psyche
  8799 | D:8      | Reached skill level 1 in Short Blades
  9078 | D:8      | Noticed Grum
  9366 | D:8      | Reached skill level 1 in Ice Magic
  9676 | D:8      | Killed Grum
 10291 | D:9      | Noticed a two-headed ogre
 10455 | D:9      | Killed a two-headed ogre
 10456 | D:9      | Reached XP level 11. HP: 61/66 MP: 22/22
 10996 | D:9      | Found Woig's Weapon Boutique.
 11070 | D:8      | Bought a book of the Wilderness for 646 gold pieces
 11076 | D:8      | Learned a level 5 spell: Summon Forest
 11083 | D:8      | Learned a level 6 spell: Summon Cactus Giant
 11148 | D:10     | Entered Level 10 of the Dungeon
 11441 | D:2      | Killed Crazy Yiuf
 11731 | Lair:1   | Entered Level 1 of the Lair of Beasts
 11757 | Lair:1   | Found a transporter.
 11760 | Lair:1   | Noticed a catoblepas
 11761 | Lair:1   | Noticed Oruje's ghost (novice DrCj)
 11779 | Lair:1   | Noticed a boulder beetle
 11811 | Lair:1   | Noticed a catoblepas
 11812 | Lair:1   | Noticed a death yak
 12347 | Lair:1   | Found a transporter.
 12705 | Lair:1   | Noticed a death yak
 12707 | Lair:1   | Noticed a death yak
 12989 | D:10     | Noticed a two-headed ogre
 13160 | D:10     | Mangled by a two-headed ogre

Illustrated notes

Levels and vault maps discovered:
D:1:      saegor_arrival_simple_a, layout_rooms, serial_glass, glass_columns_c,
          glass_columns_c, eino_curves_04, dreamdust_mushroom_princess
D:2:      layout_rooms, uniq_crazy_yiuf_cottage, uniq_sigmund
D:3:      layout_basic, overflow_temple_1_default, gup_sewer_entry_bowl,
          minmay_goblin_kobold_house
D:4:      layout_basic, mainiacjoe_overflow_catch_the_wave
D:5:      layout_loops_cross, kennysheep_little_box, hangedman_minor_gate_pass
D:6:      layout_loops_corners, makhleb_altar_promises_db,
          mainiacjoe_overflow_big_doors, minmay_misc_feat_enclosed,
          minmay_crossroads, uniq_menkaure
D:7:      layout_basic, minmay_temple_entry_antechambers, enter_bailey_4,
          uniq_prince_ribbit1
D:8:      layout_layer_cave, mainiacjoe_overflow_six_doors_small,
          david_lair_shrubbed, uniq_maggie, uniq_psyche, uniq_grum
D:9:      layout_irregular_city, serial_shops, nicolae_shop_back_alley_shop
D:10:     minmay_firetagon, layout_irregular_city,
          lemuel_coloured_pillars_altar, minmay_fractal_squares_diagonal_5,
          uniq_nergalle
Temple:   dshaligram_water_room_temple
Lair:1:   layout_cave_pods, gammafunk_ghost_arena, guppyfry_lair_drakes,
          grunt_megastairs_2

Skill      XL: |  1  2  3  4  5  6  7  8  9 10 11 |
---------------+----------------------------------+-----
Evocations     | 4 5 6 |  6.2
Dodging        | 3 4 5 6 |  6.1
Unarmed Combat | 2 3 4 6 7 |  7.2
Spellcasting   | 1 2 3 4 6 7 8 |  8.7
Summonings     | 1 3 4 5 7 8 |  8.0
Fighting       | 2 |  2.8
Hexes          | 1 3 |  3.4
Short Blades   | 3 |  3.9
Ice Magic      | 1 2 |  2.2
Throwing       | |  0.3
Stealth        | |  1.3

Action                     |  1- 3 |  4- 6 |  7- 9 | 10-12 || total
---------------------------+-------+-------+-------+-------++-------
  Melee: Unarmed           |    95 |   121 |   301 |    37 ||   554
         Tentacles         |    19 |    27 |    97 |    76 ||   219
         Constrict         |    23 |    31 |    74 |    47 ||   175
         Punch             |     1 |     5 |    11 |    21 ||    38
         Dagger            |       |       |       |   263 ||   263
  Throw: Dart              |       |       |       |     4 ||     4
   Cast: Summon Small Mamm |       |    12 |    60 |    40 ||   112
         Call Canine Famil |       |       |     3 |    44 ||    47
         Frozen Ramparts   |       |       |       |    18 ||    18
 Invoke: Call Merchant     |       |       |       |     1 ||     1
  Evoke: Wand              |     3 |     5 |    34 |    11 ||    53
         Piece from Xom's  |       |       |       |     2 ||     2
    Use: Scroll            |       |       |     8 |    12 ||    20
         Potion            |       |       |       |     4 ||     4
   Stab: Sleeping          |     4 |     5 |     9 |     2 ||    20
         Distracted        |       |     1 |     1 |     8 ||    10
 Armour: Skin              |    10 |     8 |    34 |    27 ||    79
  Dodge: Dodged            |    61 |    77 |   274 |   311 ||   723
